 Dungeon Crawl Stone Soup version 0.23-a0-484-g29ba69c (webtiles) character file.

439 galech the Chopper (level 6, -10/48 HPs)
             Began as a Demonspawn Fighter on Nov 30, 2018.
             Was an Initiate of Okawaru.
             Killed by divine providence
             ... invoked by an orc priest
              (13 damage)
             ... on level 5 of the Dungeon.
             The game lasted 00:04:40 (3017 turns).

galech the Chopper (Demonspawn Fighter)             Turns: 3017, Time: 00:04:42

Health: -10/48     AC: 18    Str: 17    XL:     6   Next: 70%
Magic:  6/6        EV:  9    Int:  9    God:    Okawaru [......]
Gold:   108        SH:  9    Dex: 17    Spells: 5/5 levels left

rFire    . . .     SeeInvis .   a - +0 war axe
rCold    . . .     Gourm    .   c - +0 shield
rNeg     . . .     Faith    .   y - +2 leather armour {rPois}
rPois    +         Spirit   .   (helmet restricted)
rElec    .         Reflect  .   i - +0 cloak
rCorr    +         Harm     .   v - +2 pair of gloves
MR       .....                  (no boots)
Stlth    +.........             C - amulet of magic regeneration
HPRegen  0.16/turn              m - ring of resist corrosion
MPRegen  0.35/turn              z - +3 ring of dexterity

@: sanguine armour
A: horns 1, sanguine armour 2
a: Renounce Religion


You were on level 5 of the Dungeon.
You worshipped Okawaru.
Okawaru was noncommittal.
You were not hungry.

You visited 2 branches of the dungeon, and saw 6 of its levels.

You collected 108 gold pieces.

Inventory:

Hand Weapons
 a - a +0 war axe (weapon)
 u - the +8 dagger "Kenod" {vamp, rPois rF+ SInv, unknown}
   (You found it on level 4 of the Dungeon)

   It inflicts no extra harm, but heals its wielder when it wounds a living foe.
   It protects you from fire.
   It protects you from poison.
   It lets you see invisible.
Armour
 c - a +0 shield (worn)
 i - a +0 cloak (worn)
 v - a +2 pair of gloves (worn)
 x - a scarf of cloud immunity
 y - a +2 leather armour of poison resistance (worn)
Jewellery
 m - a ring of resist corrosion (left hand)
 t - an uncursed ring of protection from cold
 z - a +3 ring of dexterity (right hand)
 C - an amulet of magic regeneration (around neck)
Scrolls
 b - 4 scrolls of teleportation {unknown}
 e - 4 scrolls of identify {unknown}
 h - 2 scrolls of random uselessness {unknown}
 o - a scroll of enchant armour {unknown}
 s - 3 scrolls of remove curse {unknown}
 A - a scroll of fog {unknown}
Potions
 d - a potion of degeneration {unknown}
 g - 2 potions of agility
 j - 2 potions of brilliance {unknown}
 k - 2 potions of flight {unknown}
 l - 3 potions of curing {unknown}
 n - a potion of heal wounds {unknown}
 p - a potion of cancellation {unknown}
 q - a potion of lignification {unknown}
 r - a potion of might
 w - a potion of resistance {unknown}
Comestibles
 f - 10 rations
 B - a chunk of flesh


   Skills:
 + Level 3.8 Fighting
 + Level 5.0 Axes
 + Level 3.4 Armour
 + Level 1.3 Dodging
 + Level 0.2 Stealth
 + Level 3.5 Shields


You had 5 spell levels left.
You didn't know any spells.
Your spell library was empty.

Dungeon Overview and Level Annotations

Branches:
Dungeon (5/15)             Temple (1/1) D:4

Altars:
Cheibriados
Dithmenos
Elyvilon
Fedhas
Kikubaaqudgha
Makhleb
Okawaru
Trog
Uskayaw
Vehumet
Wu Jian
Xom
Zin
The Shining One


Innate Abilities, Weirdness & Mutations

You have a pair of small horns on your head.
When seriously injured, your bleeding wounds create thick armour. (AC +9)


Message History

The orc priest is almost dead.
The shadow imp shouts, "Away with thee, thou wayward hedge-born beggar!"
You slash the orc!
You kill the orc!
Okawaru accepts your kill.
The orc priest mumbles some strange prayers to Beogh against you.
Pain shoots through your body!
* * * LOW HITPOINT WARNING * * *
You closely miss the orc priest.
You headbutt the orc priest, but do no damage.
The orc priest is almost dead.
You block the orc priest's attack.
Unknown command.
You completely miss the orc priest.
The orc priest is almost dead.
The orc priest miscasts a cantrip.
The shadow imp spits at you.
The orc priest calls down the wrath of Beogh upon you.
Beogh smites you!
You die...

##.## #...# #...# .
#...# .. #...# .!.
#...# ....
#.#####...######.....
#.............)......
.............@o.5....
#.......#..!..)......
#.#####.#.######.....
. ..#.. ##.. #######
.


You could see an orc priest and a shadow imp.

Vanquished Creatures
  A phantom (D:4)
  An ogre (D:3)
  A hound (D:4)
  Terence (D:3)
  2 worker ants
  3 adders
  An adder skeleton (D:4)
  2 worms
  5 dart slugs
  4 leopard geckos
  14 orcs
  A ball python (D:3)
  5 giant cockroaches
  7 goblins
  13 hobgoblins
  8 jackals
  4 quokkas
  4 bats
  7 frilled lizards
  11 kobolds
  7 rats
102 creatures vanquished.

Notes
Turn   | Place    | Note
-------+----------+-------------------------------------------
     0 | D:1      | galech the Demonspawn Fighter began the quest for the Orb.
     0 | D:1      | Reached XP level 1. HP: 18/18 MP: 1/1
    52 | D:1      | Gained mutation: When seriously injured, your bleeding
                  | wounds create armour. (AC +9) [demonic ancestry]
    52 | D:1      | Reached XP level 2. HP: 24/24 MP: 2/2
    82 | D:1      | Reached skill level 2 in Axes
   264 | D:1      | Found a glowing golden altar of the Shining One.
   300 | D:1      | Reached XP level 3. HP: 19/29 MP: 3/3
   668 | D:2      | Found a burning altar of Makhleb.
  1398 | D:2      | Found a bloodstained altar of Trog.
  1574 | D:2      | Gained mutation: When seriously injured, your bleeding
                  | wounds create thick armour. (AC +9) [demonic ancestry]
  1574 | D:2      | Reached XP level 4. HP: 35/35 MP: 4/4
  1632 | D:3      | Noticed an ogre
  1645 | D:2      | Reached skill level 3 in Axes
  1780 | D:3      | Killed an ogre
  1780 | D:3      | Gained mutation: You have a pair of small horns on your
                  | head. [demonic ancestry]
  1780 | D:3      | Reached XP level 5. HP: 24/41 MP: 5/5
  1782 | D:3      | Reached skill level 1 in Dodging
  1905 | D:3      | Noticed Terence
  1921 | D:3      | Killed Terence
  1921 | D:3      | Reached skill level 4 in Axes
  2467 | D:4      | Found a staircase to the Ecumenical Temple.
  2468 | D:4      | Noticed a phantom
  2473 | D:4      | Reached XP level 6. HP: 40/47 MP: 6/6
  2573 | Temple   | Entered the Ecumenical Temple
  2618 | Temple   | Became a worshipper of Warmaster Okawaru
  2772 | D:4      | Found a white marble altar of Elyvilon.
  2772 | D:4      | Found a glowing silver altar of Zin.
  2879 | D:4      | Got a warped dagger
  2916 | D:5      | Entered Level 5 of the Dungeon
  3010 | D:5      | Reached skill level 5 in Axes
  3015 | D:5      | HP: 2/48 [orc priest/nerve-wracking pain (7)]
  3017 | D:5      | Killed from afar by an orc priest

Vault maps used:
D:1:      lightli_arrival_noodles, minmay_misc_feat_rows, tso_metal_star
D:2:      overflow_temple_1_default, nicolae_overflow_hidden_temple,
          first_ration
D:3:      uniq_terence
D:4:      gammafunk_temple_overflow_elements, temple_fountains
D:5:      nicolae_ashenzari_panopticon, serial_shops, nicolae_shop_waterfront,
          gammafunk_ghost_smash, tgw_fedhas, uniq_blork_the_orc
Temple:   eino_temple_lava

Skill      XL: |  1  2  3  4  5  6 |
---------------+-------------------+-----
Axes           | 2 3 4 5 |  5.0
Armour         | 3 |  3.4
Shields        | 3 |  3.5
Dodging        | 1 |  1.3
Fighting       | |  3.8
Stealth        | |  0.2

Action                   |  1- 3 |  4- 6 || total
-------------------------+-------+-------++-------
Melee: War axe           |   149 |   134 ||   283
       Headbutt          |       |    24 ||    24
  Use: Potion            |       |     1 ||     1
  Eat: Chunk             |     2 |     5 ||     7
Armor: Scale mail        |    83 |    48 ||   131
       Chain mail        |       |     8 ||     8
       Leather armour    |       |    14 ||    14
Dodge: Dodged            |    46 |    58 ||   104
Block: Shield            |    65 |    82 ||   147

Table legend:
 A = Non-vault XP
 B = Vault XP
 C = Vault XP percentage of total XP
 D = Non-vault monster count
 E = Vault monster count
 F = Vault count percentage of total count
                 A         B        C        D         E       F
            +---------+---------+-------+---------+---------+-------
      Total |     590 |      38 |   6.1 |     101 |       1 |   1.0
            +---------+---------+-------+---------+---------+-------
        D:1 |      47 |       0 |   0.0 |      29 |       0 |   0.0
        D:2 |      69 |       0 |   0.0 |      29 |       0 |   0.0
        D:3 |     210 |      38 |  15.3 |      29 |       1 |   3.3
        D:4 |     218 |       0 |   0.0 |       8 |       0 |   0.0
        D:5 |      46 |       0 |   0.0 |       6 |       0 |   0.0
            +---------+---------+-------+---------+---------+-------
